Connexion

FLORIDA Panthers vs BUFFALO Sabres (R3)

Created - 13 février 2024 at 05:45

Goals
1 2 3 T
FLORIDA Panthers 1 0 2 3
BUFFALO Sabres 1 2 1 4
Shots
1 2 3 T
FLORIDA Panthers 6 9 8 23
BUFFALO Sabres 5 8 15 28

GoalsPenalties
1st period
1. FLORIDA Panthers , Nikolay Goldobin 23 (Noah Hanifin 38) at 0:43
2. BUFFALO Sabres , Eetu Luostarinen 5 (Joel Farabee 15, Warren Foegele 12) at 2:24
Rickard Rakell (FLO) for Unsportsmanlike conduct (Minor) at 17:23
2nd period
3. BUFFALO Sabres , Mikhail Grigorenko 24 (Ryan Johansen 41) at 0:25
4. BUFFALO Sabres , Mikhail Grigorenko 25 (Conor Sheary 35, Ryan Johansen 42) at 8:34
Warren Foegele (BUF) for Interference (Minor) at 5:05
3rd period
5. BUFFALO Sabres , Nelson Nogier 5 (Mikhail Grigorenko 31, Joe Hicketts 20) at 3:29 (PP)
6. FLORIDA Panthers , Justin Scott 13 (Michael Bunting 8, Cody Eakin 21) at 3:35
7. FLORIDA Panthers , Cody Eakin 16 (Justin Scott 20) at 19:16
Noah Hanifin (FLO) for Delaying the game (Minor) at 3:11
Michael Del Zotto (BUF) for Tripping (Minor) at 5:51
Cody Eakin (FLO) for Tripping (Minor) at 15:35
Jake Allen (FLO) for Delaying the game (Minor) at 19:41 - Justin Scott served the penalty.
Goalie Stats
Petr Mrazek (FLO), 13 saves from 17 shots - (0,765), L, 33-25-3, 43:29 minutes
Jake Allen (FLO), 11 saves from 11 shots - (1,000), 16:15 minutes
Thatcher Demko (BUF), 20 saves from 23 shots - (0,870), W, 19-21-2, 60:00 minutes
3 StarsOfficial
1 - Mikhail Grigorenko (BUF)
2 - Ryan Johansen (BUF)
3 - Justin Scott (FLO)
Referees : Brad Watson and Ian Walsh
Linesman : Scott Driscoll and Dan Schachte
Game Note
Jake Allen enters game at 3:29 of 3rd period
Finance
Level 1 -- Attendance: 3852 (64,20%) -- Ticket Income $647,136
Level 2 -- Attendance: 4737 (83,25%) -- Ticket Income $421,593
Level 3 -- Attendance: 1550 (77,50%) -- Ticket Income $93,000
Level 4 -- Attendance: 3424 (85,60%) -- Ticket Income $126,688
Luxury Box -- Attendance: 978 (97,80%) -- Ticket Income $257,214
Game was played at the HSBC Arena.
Total Attendance: 14541 (77,80%)
Total Ticket Income: $1,545,631
Other Income: $309,126
Total Income: $1,854,757



Team Name Goals Shots Shots Attemp Shots Blocked PIM HIT PP PK FO%
FLORIDA Panthers 3233998200 / 2 (0%)153%
BUFFALO Sabres 4285544291 / 4 (25%)048%

FLORIDA Panthers
Player Name POS G A P +/- PIM HIT SHT SB MP PP MP PP SHT PK MP PK SHT FO% FOT
Barclay GoodrowLW/RW000000008:400:0000:000100% 1
Carter VerhaegheC/RW000-2011018:192:4801:03080% 5
Cody EakinC/LW1121202011:460:0001:16057% 14
Connor TimminsD0000000015:420:0000:0000% 0
Ian ColeD000-1000119:571:3401:5900% 0
Jacob TroubaD0000020215:420:0000:0000% 0
Jared Spurgeon D0001002124:212:2412:3500% 0
Justin ScottC/LW/RW1121025013:072:1120:000100% 1
Kiril KaprizovLW000-2014019:222:1102:43050% 4
Mario FerraroD000-1021119:571:3411:5900% 0
Mark ScheifeleC0001020119:171:4700:06038% 21
Michael BuntingLW0111021011:220:0000:5100% 0
Mikael BacklundC/LW000-2003014:280:0000:00047% 19
Morgan GeekieC000000008:400:0000:00063% 8
Nikolay GoldobinLW/RW1011021021:391:4702:03033% 3
Noah HanifinD0111231324:202:2412:3500% 0
Rickard RakellC/LW/RW0001221020:041:1001:06075% 4
Taro HiroseLW000001108:400:0000:0000% 0
BUFFALO Sabres
Player Name POS G A P +/- PIM HIT SHT SB MP PP MP PP SHT PK MP PK SHT FO% FOT
Anton BlidhLW000-203106:480:0000:0000% 0
Brandon SaadLW/RW000-1003019:301:5400:4500% 0
Conor ShearyLW/RW0112011017:392:4000:0000% 1
Eetu LuostarinenC1011011012:500:0000:00064% 11
Hampus LindholmD000-1021023:562:3701:5900% 0
Ivan BarbashevC/LW/RW000-200006:480:0000:00030% 10
Jesper BoqvistC/LW000-200006:480:0000:0000% 0
Joe HickettsD011-1013016:381:5710:0000% 0
Joel FarabeeLW0111023012:500:0000:0000% 1
Michael Del ZottoD000-1232116:040:0000:4700% 0
Mikhail GrigorenkoC/LW/RW2132025018:242:4000:45050% 2
Nelson NogierD1012001119:591:5711:1200% 0
Robby FabbriC/LW000-1020019:502:4000:44020% 5
Ryan JohansenC0222042019:471:5402:29043% 23
Sam GagnerC/LW/RW000-1005021:581:5413:13062% 26
Timothy LiljegrenD000-1070023:562:3701:5900% 0
Tyler MyersD0002000219:260:0001:5900% 0
Warren FoegeleLW/RW0111210012:490:0000:0000% 1



Play-by-Play

1st period


0:01 of 1st period - Mark Scheifele wins face-off versus Sam Gagner in neutral zone.
0:03 of 1st period - Jared Spurgeon is hit by Timothy Liljegren and loses puck.
0:25 of 1st period - Shot by Nikolay Goldobin.
0:25 of 1st period - Deflect By Rickard Rakell.
0:25 of 1st period - Shot Misses the Net.
0:43 of 1st period - Shot by Nikolay Goldobin.
0:43 of 1st period - Goal by Nikolay Goldobin - FLORIDA Panthers : 1 - BUFFALO Sabres : 0.
0:44 of 1st period - Ryan Johansen wins face-off versus Mikael Backlund in neutral zone.
0:51 of 1st period - Shot by Ryan Johansen.
0:51 of 1st period - Shot Blocked by Mario Ferraro.
0:57 of 1st period - Shot by Mikhail Grigorenko.
0:57 of 1st period - Stopped by Petr Mrazek without a rebound.
0:58 of 1st period - Eetu Luostarinen wins face-off versus Cody Eakin in FLORIDA Panthers zone.
0:59 of 1st period - Shot by Joel Farabee.
0:59 of 1st period - Shot Blocked by Jacob Trouba.
1:04 of 1st period - Icing by Jacob Trouba.
1:05 of 1st period - Ryan Johansen wins face-off versus Cody Eakin in FLORIDA Panthers zone.
1:40 of 1st period - Justin Scott is hit by Ryan Johansen and loses puck.
1:56 of 1st period - Justin Scott is hit by Warren Foegele and loses puck.
2:22 of 1st period - Shot by Joel Farabee.
2:22 of 1st period - Shot Misses the Net.
2:24 of 1st period - Shot by Eetu Luostarinen.
2:24 of 1st period - Goal by Eetu Luostarinen - FLORIDA Panthers : 1 - BUFFALO Sabres : 1.
2:25 of 1st period - Ivan Barbashev wins face-off versus Morgan Geekie in neutral zone.
2:46 of 1st period - Timothy Liljegren is hit by Taro Hirose and loses puck.
3:08 of 1st period - Hampus Lindholm is hit by Noah Hanifin and loses puck.
3:34 of 1st period - Rickard Rakell is hit by Robby Fabbri and loses puck.
5:57 of 1st period - Icing by Eetu Luostarinen.
5:58 of 1st period - Eetu Luostarinen wins face-off versus Mark Scheifele in BUFFALO Sabres zone.
6:39 of 1st period - Shot by Nikolay Goldobin.
6:39 of 1st period - Shot Misses the Net.
7:05 of 1st period - Tyler Myers is hit by Rickard Rakell and loses puck.
7:18 of 1st period - Connor Timmins is hit by Anton Blidh and loses puck.
7:35 of 1st period - Shot by Mikael Backlund.
7:35 of 1st period - Stopped by Thatcher Demko without a rebound.
7:36 of 1st period - Morgan Geekie wins face-off versus Sam Gagner in BUFFALO Sabres zone.
8:42 of 1st period - Shot by Kiril Kaprizov.
8:42 of 1st period - Stopped by Thatcher Demko without a rebound.
8:43 of 1st period - Cody Eakin wins face-off versus Ryan Johansen in BUFFALO Sabres zone.
8:49 of 1st period - Off-side.
8:50 of 1st period - Mikhail Grigorenko wins face-off versus Mikael Backlund in neutral zone.
9:01 of 1st period - Shot by Mikhail Grigorenko.
9:01 of 1st period - Stopped by Petr Mrazek without a rebound.
9:02 of 1st period - Eetu Luostarinen wins face-off versus Mark Scheifele in FLORIDA Panthers zone.
9:17 of 1st period - Shot by Warren Foegele.
9:17 of 1st period - Shot Misses the Net.
9:27 of 1st period - Joel Farabee is hit by Mark Scheifele and loses puck.
10:13 of 1st period - Off-side.
10:14 of 1st period - Cody Eakin wins face-off versus Sam Gagner in neutral zone.
11:38 of 1st period - Kiril Kaprizov is hit by Ryan Johansen.
12:04 of 1st period - Kiril Kaprizov is hit by Joel Farabee and loses puck.
12:37 of 1st period - Nikolay Goldobin is hit by Joel Farabee and loses puck.
12:48 of 1st period - Joel Farabee is hit by Rickard Rakell and loses puck.
12:54 of 1st period - Warren Foegele is hit by Jacob Trouba and loses puck.
13:05 of 1st period - Shot by Nikolay Goldobin.
13:05 of 1st period - Shot Blocked by Michael Del Zotto.
13:22 of 1st period - Icing by Mark Scheifele.
13:23 of 1st period - Nikolay Goldobin wins face-off versus Sam Gagner in FLORIDA Panthers zone.
14:32 of 1st period - Shot by Conor Sheary.
14:32 of 1st period - Stopped by Petr Mrazek without a rebound.
14:33 of 1st period - Morgan Geekie wins face-off versus Ivan Barbashev in FLORIDA Panthers zone.
14:33 of 1st period - Morgan Geekie is hit by Anton Blidh.
14:36 of 1st period - Icing by Jared Spurgeon .
14:37 of 1st period - Morgan Geekie wins face-off versus Ryan Johansen in FLORIDA Panthers zone.
16:35 of 1st period - Shot by Mikael Backlund.
16:35 of 1st period - Shot Misses the Net.
16:37 of 1st period - Shot by Carter Verhaeghe.
16:37 of 1st period - Stopped by Thatcher Demko without a rebound.
16:38 of 1st period - Cody Eakin wins face-off versus Ivan Barbashev in BUFFALO Sabres zone.
16:38 of 1st period - Cody Eakin is hit by Joe Hicketts.
17:06 of 1st period - Shot by Cody Eakin.
17:06 of 1st period - Stopped by Thatcher Demko without a rebound.
17:07 of 1st period - Ryan Johansen wins face-off versus Mikael Backlund in BUFFALO Sabres zone.
17:07 of 1st period - Ryan Johansen is hit by Kiril Kaprizov.
17:19 of 1st period - Shot by Kiril Kaprizov.
17:19 of 1st period - Stopped by Thatcher Demko without a rebound.
17:20 of 1st period - Rickard Rakell wins face-off versus Sam Gagner in BUFFALO Sabres zone.
17:20 of 1st period - Rickard Rakell is hit by Timothy Liljegren.
17:23 of 1st period - Minor Penalty to Rickard Rakell for Unsportsmanlike conduct.
17:24 of 1st period - Ryan Johansen wins face-off versus Kiril Kaprizov in FLORIDA Panthers zone.
17:25 of 1st period - Shot by Hampus Lindholm.
17:25 of 1st period - Shot Blocked by Jared Spurgeon .
17:27 of 1st period - Shot by Ryan Johansen.
17:27 of 1st period - Shot Blocked by Noah Hanifin.
17:29 of 1st period - Shot by Timothy Liljegren.
17:29 of 1st period - Shot Blocked by Noah Hanifin.
17:31 of 1st period - Shot by Timothy Liljegren.
17:31 of 1st period - Shot Blocked by Noah Hanifin.
17:42 of 1st period - Shot by Sam Gagner.
17:42 of 1st period - Stopped by Petr Mrazek without a rebound.
17:43 of 1st period - Robby Fabbri wins face-off versus Kiril Kaprizov in FLORIDA Panthers zone.
Goals for this period are 1 for FLORIDA Panthers vs 1 for BUFFALO Sabres.
Shots for this period are 6 for FLORIDA Panthers vs 5 for BUFFALO Sabres.

2nd period


0:01 of 2nd period - Sam Gagner wins face-off versus Mark Scheifele in neutral zone.
0:17 of 2nd period - Off-side.
0:18 of 2nd period - Mikael Backlund wins face-off versus Ryan Johansen in neutral zone.
0:25 of 2nd period - Shot by Mikhail Grigorenko.
0:25 of 2nd period - Goal by Mikhail Grigorenko - FLORIDA Panthers : 1 - BUFFALO Sabres : 2.
0:26 of 2nd period - Mark Scheifele wins face-off versus Sam Gagner in neutral zone.
0:40 of 2nd period - Icing by Timothy Liljegren.
0:41 of 2nd period - Sam Gagner wins face-off versus Mikael Backlund in BUFFALO Sabres zone.
1:50 of 2nd period - Icing by Nelson Nogier.
1:51 of 2nd period - Ryan Johansen wins face-off versus Cody Eakin in BUFFALO Sabres zone.
2:57 of 2nd period - Shot by Warren Foegele.
2:57 of 2nd period - Shot Misses the Net.
2:59 of 2nd period - Shot by Michael Del Zotto.
2:59 of 2nd period - Stopped by Petr Mrazek without a rebound.
3:00 of 2nd period - Sam Gagner wins face-off versus Mark Scheifele in FLORIDA Panthers zone.
3:26 of 2nd period - Shot by Nikolay Goldobin.
3:26 of 2nd period - Deflect By Rickard Rakell.
3:26 of 2nd period - Shot Misses the Net.
3:31 of 2nd period - Icing by Robby Fabbri.
3:32 of 2nd period - Sam Gagner wins face-off versus Mikael Backlund in BUFFALO Sabres zone.
3:56 of 2nd period - Icing by Kiril Kaprizov.
3:57 of 2nd period - Mikael Backlund wins face-off versus Ryan Johansen in FLORIDA Panthers zone.
3:57 of 2nd period - Mikael Backlund is hit by Ryan Johansen.
4:58 of 2nd period - Mikhail Grigorenko is hit by Noah Hanifin.
5:05 of 2nd period - Minor Penalty to Warren Foegele for Interference.
5:06 of 2nd period - Carter Verhaeghe wins face-off versus Robby Fabbri in BUFFALO Sabres zone.
5:11 of 2nd period - Shot by Justin Scott.
5:11 of 2nd period - Stopped by Thatcher Demko with a rebound.
5:13 of 2nd period - Shot by Mario Ferraro.
5:13 of 2nd period - Stopped by Thatcher Demko without a rebound.
5:14 of 2nd period - Mark Scheifele wins face-off versus Ryan Johansen in BUFFALO Sabres zone.
6:23 of 2nd period - Shot by Jared Spurgeon .
6:23 of 2nd period - Stopped by Thatcher Demko without a rebound.
6:24 of 2nd period - Carter Verhaeghe wins face-off versus Mikhail Grigorenko in BUFFALO Sabres zone.
6:33 of 2nd period - Shot by Justin Scott.
6:33 of 2nd period - Stopped by Thatcher Demko without a rebound.
6:34 of 2nd period - Ryan Johansen wins face-off versus Mark Scheifele in BUFFALO Sabres zone.
7:23 of 2nd period - Shot by Taro Hirose.
7:23 of 2nd period - Stopped by Thatcher Demko without a rebound.
7:24 of 2nd period - Cody Eakin wins face-off versus Warren Foegele in BUFFALO Sabres zone.
7:24 of 2nd period - Michael Bunting is hit by Hampus Lindholm and loses puck.
8:34 of 2nd period - Shot by Conor Sheary.
8:34 of 2nd period - Deflect By Mikhail Grigorenko.
8:34 of 2nd period - Goal by Mikhail Grigorenko - FLORIDA Panthers : 1 - BUFFALO Sabres : 3.
8:35 of 2nd period - Mark Scheifele wins face-off versus Sam Gagner in neutral zone.
8:38 of 2nd period - Shot by Nikolay Goldobin.
8:38 of 2nd period - Deflect By Rickard Rakell.
8:38 of 2nd period - Stopped by Thatcher Demko without a rebound.
8:39 of 2nd period - Sam Gagner wins face-off versus Mark Scheifele in BUFFALO Sabres zone.
8:39 of 2nd period - Sam Gagner is hit by Nikolay Goldobin.
9:03 of 2nd period - Shot by Robby Fabbri.
9:03 of 2nd period - Shot Misses the Net.
10:11 of 2nd period - Shot by Kiril Kaprizov.
10:11 of 2nd period - Stopped by Thatcher Demko without a rebound.
10:12 of 2nd period - Ivan Barbashev wins face-off versus Morgan Geekie in BUFFALO Sabres zone.
11:34 of 2nd period - Shot by Mikhail Grigorenko.
11:34 of 2nd period - Shot Misses the Net.
11:40 of 2nd period - Shot by Mikhail Grigorenko.
11:40 of 2nd period - Shot Blocked by Jacob Trouba.
11:43 of 2nd period - Ryan Johansen is hit by Jacob Trouba.
11:52 of 2nd period - Icing by Jacob Trouba.
11:53 of 2nd period - Barclay Goodrow wins face-off versus Eetu Luostarinen in FLORIDA Panthers zone.
11:55 of 2nd period - Icing by Taro Hirose.
11:56 of 2nd period - Sam Gagner wins face-off versus Morgan Geekie in FLORIDA Panthers zone.
12:11 of 2nd period - Shot by Brandon Saad.
12:11 of 2nd period - Shot Misses the Net.
12:13 of 2nd period - Shot by Robby Fabbri.
12:13 of 2nd period - Shot Misses the Net.
12:54 of 2nd period - Shot by Joel Farabee.
12:54 of 2nd period - Shot Misses the Net.
12:56 of 2nd period - Shot by Michael Del Zotto.
12:56 of 2nd period - Stopped by Petr Mrazek without a rebound.
12:57 of 2nd period - Mark Scheifele wins face-off versus Ryan Johansen in FLORIDA Panthers zone.
12:57 of 2nd period - Mark Scheifele is hit by Conor Sheary.
13:41 of 2nd period - Off-side.
13:42 of 2nd period - Mikael Backlund wins face-off versus Eetu Luostarinen in neutral zone.
13:42 of 2nd period - Mikael Backlund is hit by Eetu Luostarinen.
14:06 of 2nd period - Shot by Joel Farabee.
14:06 of 2nd period - Shot Misses the Net.
14:08 of 2nd period - Shot by Eetu Luostarinen.
14:08 of 2nd period - Shot Misses the Net.
14:49 of 2nd period - Shot by Sam Gagner.
14:49 of 2nd period - Shot Misses the Net.
15:01 of 2nd period - Shot by Brandon Saad.
15:01 of 2nd period - Stopped by Petr Mrazek without a rebound.
15:02 of 2nd period - Mark Scheifele wins face-off versus Ryan Johansen in FLORIDA Panthers zone.
15:06 of 2nd period - Jared Spurgeon is hit by Timothy Liljegren and loses puck.
15:26 of 2nd period - Off-side.
15:27 of 2nd period - Cody Eakin wins face-off versus Sam Gagner in neutral zone.
15:34 of 2nd period - Shot by Justin Scott.
15:34 of 2nd period - Shot Blocked by Tyler Myers.
15:36 of 2nd period - Shot by Michael Bunting.
15:36 of 2nd period - Shot Misses the Net.
15:54 of 2nd period - Shot by Cody Eakin.
15:54 of 2nd period - Shot Misses the Net.
15:56 of 2nd period - Shot by Jared Spurgeon .
15:56 of 2nd period - Stopped by Thatcher Demko without a rebound.
15:57 of 2nd period - Ryan Johansen wins face-off versus Mark Scheifele in BUFFALO Sabres zone.
15:57 of 2nd period - Ryan Johansen is hit by Mark Scheifele.
16:05 of 2nd period - Shot by Mikhail Grigorenko.
16:05 of 2nd period - Deflect By Conor Sheary.
16:05 of 2nd period - Shot Misses the Net.
16:22 of 2nd period - Mark Scheifele is hit by Hampus Lindholm and loses puck.
17:01 of 2nd period - Shot by Justin Scott.
17:01 of 2nd period - Stopped by Thatcher Demko without a rebound.
17:02 of 2nd period - Sam Gagner wins face-off versus Mikael Backlund in BUFFALO Sabres zone.
17:12 of 2nd period - Off-side.
17:13 of 2nd period - Eetu Luostarinen wins face-off versus Cody Eakin in neutral zone.
17:15 of 2nd period - Warren Foegele is hit by Michael Bunting and loses puck.
17:24 of 2nd period - Icing by Joel Farabee.
17:25 of 2nd period - Mikael Backlund wins face-off versus Eetu Luostarinen in BUFFALO Sabres zone.
17:25 of 2nd period - Mikael Backlund is hit by Michael Del Zotto.
17:46 of 2nd period - Joe Hicketts is hit by Carter Verhaeghe and loses puck.
17:51 of 2nd period - Shot by Joel Farabee.
17:51 of 2nd period - Shot Misses the Net.
18:13 of 2nd period - Icing by Mario Ferraro.
18:14 of 2nd period - Sam Gagner wins face-off versus Mikael Backlund in FLORIDA Panthers zone.
18:14 of 2nd period - Hampus Lindholm is hit by Mario Ferraro and loses puck.
18:31 of 2nd period - Shot by Sam Gagner.
18:31 of 2nd period - Stopped by Petr Mrazek without a rebound.
18:32 of 2nd period - Mark Scheifele wins face-off versus Ryan Johansen in FLORIDA Panthers zone.
18:43 of 2nd period - Shot by Mark Scheifele.
18:43 of 2nd period - Shot Blocked by Tyler Myers.
19:14 of 2nd period - Shot by Mikhail Grigorenko.
19:14 of 2nd period - Stopped by Petr Mrazek without a rebound.
19:15 of 2nd period - Sam Gagner wins face-off versus Cody Eakin in FLORIDA Panthers zone.
19:30 of 2nd period - Off-side.
19:31 of 2nd period - Ivan Barbashev wins face-off versus Mikael Backlund in neutral zone.
19:45 of 2nd period - Shot by Anton Blidh.
19:45 of 2nd period - Stopped by Petr Mrazek without a rebound.
19:46 of 2nd period - Cody Eakin wins face-off versus Sam Gagner in FLORIDA Panthers zone.
Goals for this period are 0 for FLORIDA Panthers vs 2 for BUFFALO Sabres.
Shots for this period are 9 for FLORIDA Panthers vs 8 for BUFFALO Sabres.

3rd period


0:01 of 3rd period - Sam Gagner wins face-off versus Nikolay Goldobin in neutral zone.
1:10 of 3rd period - Shot by Mikael Backlund.
1:10 of 3rd period - Stopped by Thatcher Demko without a rebound.
1:11 of 3rd period - Justin Scott wins face-off versus Eetu Luostarinen in BUFFALO Sabres zone.
1:19 of 3rd period - Joel Farabee is hit by Michael Bunting and loses puck.
1:26 of 3rd period - Shot by Michael Bunting.
1:26 of 3rd period - Shot Misses the Net.
1:46 of 3rd period - Shot by Joe Hicketts.
1:46 of 3rd period - Stopped by Petr Mrazek without a rebound.
1:47 of 3rd period - Mikael Backlund wins face-off versus Conor Sheary in FLORIDA Panthers zone.
1:47 of 3rd period - Mikael Backlund is hit by Ryan Johansen.
1:56 of 3rd period - Shot by Ryan Johansen.
1:56 of 3rd period - Stopped by Petr Mrazek without a rebound.
1:57 of 3rd period - Sam Gagner wins face-off versus Mikael Backlund in FLORIDA Panthers zone.
2:04 of 3rd period - Shot by Sam Gagner.
2:04 of 3rd period - Stopped by Petr Mrazek without a rebound.
2:05 of 3rd period - Sam Gagner wins face-off versus Mark Scheifele in FLORIDA Panthers zone.
2:05 of 3rd period - Timothy Liljegren is hit by Noah Hanifin.
2:22 of 3rd period - Nikolay Goldobin is hit by Timothy Liljegren and loses puck.
2:30 of 3rd period - Nikolay Goldobin is hit by Timothy Liljegren.
2:36 of 3rd period - Noah Hanifin is hit by Robby Fabbri and loses puck.
3:11 of 3rd period - Minor Penalty to Noah Hanifin for Delaying the game.
3:12 of 3rd period - Carter Verhaeghe wins face-off versus Robby Fabbri in FLORIDA Panthers zone.
3:23 of 3rd period - Shot by Mikhail Grigorenko.
3:23 of 3rd period - Shot Misses the Net.
3:25 of 3rd period - Shot by Joe Hicketts.
3:25 of 3rd period - Deflect By Mikhail Grigorenko.
3:25 of 3rd period - Shot Misses the Net.
3:27 of 3rd period - Shot by Nelson Nogier.
3:27 of 3rd period - Shot Blocked by Ian Cole.
3:29 of 3rd period - Shot by Nelson Nogier.
3:29 of 3rd period - Goal by Nelson Nogier - FLORIDA Panthers : 1 - BUFFALO Sabres : 4.
3:29 of 3rd period - Jake Allen enters game.
3:30 of 3rd period - Cody Eakin wins face-off versus Ivan Barbashev in neutral zone.
3:35 of 3rd period - Shot by Justin Scott.
3:35 of 3rd period - Goal by Justin Scott - FLORIDA Panthers : 2 - BUFFALO Sabres : 4.
3:36 of 3rd period - Mikael Backlund wins face-off versus Ivan Barbashev in neutral zone.
3:36 of 3rd period - Mikael Backlund is hit by Anton Blidh.
4:08 of 3rd period - Shot by Kiril Kaprizov.
4:08 of 3rd period - Stopped by Thatcher Demko without a rebound.
4:09 of 3rd period - Cody Eakin wins face-off versus Ryan Johansen in BUFFALO Sabres zone.
4:30 of 3rd period - Shot by Justin Scott.
4:30 of 3rd period - Stopped by Thatcher Demko with a rebound.
4:40 of 3rd period - Shot by Michael Bunting.
4:40 of 3rd period - Shot Misses the Net.
4:42 of 3rd period - Shot by Cody Eakin.
4:42 of 3rd period - Deflect By Michael Bunting.
4:42 of 3rd period - Stopped by Thatcher Demko without a rebound.
4:43 of 3rd period - Sam Gagner wins face-off versus Mark Scheifele in BUFFALO Sabres zone.
4:57 of 3rd period - Icing by Mario Ferraro.
4:58 of 3rd period - Eetu Luostarinen wins face-off versus Mark Scheifele in FLORIDA Panthers zone.
5:48 of 3rd period - Mario Ferraro is hit by Michael Del Zotto.
5:51 of 3rd period - Minor Penalty to Michael Del Zotto for Tripping.
5:52 of 3rd period - Ryan Johansen wins face-off versus Carter Verhaeghe in BUFFALO Sabres zone.
6:19 of 3rd period - Shot by Carter Verhaeghe.
6:19 of 3rd period - Shot Misses the Net.
6:21 of 3rd period - Shot by Noah Hanifin.
6:21 of 3rd period - Stopped by Thatcher Demko without a rebound.
6:22 of 3rd period - Carter Verhaeghe wins face-off versus Ryan Johansen in BUFFALO Sabres zone.
6:39 of 3rd period - Hampus Lindholm is hit by Justin Scott and loses puck.
7:07 of 3rd period - Ryan Johansen is hit by Nikolay Goldobin and loses puck.
7:20 of 3rd period - Shot by Mark Scheifele.
7:20 of 3rd period - Shot Misses the Net.
7:28 of 3rd period - Shot by Rickard Rakell.
7:28 of 3rd period - Shot Misses the Net.
7:55 of 3rd period - Icing by Connor Timmins.
7:56 of 3rd period - Morgan Geekie wins face-off versus Ivan Barbashev in FLORIDA Panthers zone.
8:02 of 3rd period - Barclay Goodrow is hit by Timothy Liljegren and loses puck.
8:08 of 3rd period - Icing by Timothy Liljegren.
8:09 of 3rd period - Morgan Geekie wins face-off versus Ivan Barbashev in BUFFALO Sabres zone.
8:13 of 3rd period - Barclay Goodrow is hit by Timothy Liljegren and loses puck.
9:15 of 3rd period - Shot by Eetu Luostarinen.
9:15 of 3rd period - Deflect By Joel Farabee.
9:15 of 3rd period - Stopped by Jake Allen with a rebound.
9:37 of 3rd period - Shot by Joe Hicketts.
9:37 of 3rd period - Shot Misses the Net.
9:49 of 3rd period - Shot by Brandon Saad.
9:49 of 3rd period - Stopped by Jake Allen with a rebound.
10:01 of 3rd period - Shot by Sam Gagner.
10:01 of 3rd period - Stopped by Jake Allen without a rebound.
10:02 of 3rd period - Ryan Johansen wins face-off versus Mikael Backlund in FLORIDA Panthers zone.
10:02 of 3rd period - Hampus Lindholm is hit by Mario Ferraro and loses puck.
10:11 of 3rd period - Shot by Hampus Lindholm.
10:11 of 3rd period - Stopped by Jake Allen without a rebound.
10:12 of 3rd period - Mikael Backlund wins face-off versus Ivan Barbashev in FLORIDA Panthers zone.
10:31 of 3rd period - Shot by Mikael Backlund.
10:31 of 3rd period - Stopped by Thatcher Demko without a rebound.
10:32 of 3rd period - Sam Gagner wins face-off versus Cody Eakin in BUFFALO Sabres zone.
10:41 of 3rd period - Shot by Sam Gagner.
10:41 of 3rd period - Stopped by Jake Allen with a rebound.
10:43 of 3rd period - Shot by Hampus Lindholm.
10:43 of 3rd period - Shot Misses the Net.
10:45 of 3rd period - Shot by Sam Gagner.
10:45 of 3rd period - Deflect By Brandon Saad.
10:45 of 3rd period - Stopped by Jake Allen without a rebound.
10:46 of 3rd period - Mikael Backlund wins face-off versus Ryan Johansen in FLORIDA Panthers zone.
10:59 of 3rd period - Jared Spurgeon is hit by Mikhail Grigorenko and loses puck.
11:30 of 3rd period - Shot by Carter Verhaeghe.
11:30 of 3rd period - Shot Blocked by Nelson Nogier.
11:41 of 3rd period - Off-side.
11:42 of 3rd period - Sam Gagner wins face-off versus Mark Scheifele in neutral zone.
11:59 of 3rd period - Shot by Robby Fabbri.
11:59 of 3rd period - Shot Blocked by Mark Scheifele.
12:34 of 3rd period - Icing by Ian Cole.
12:35 of 3rd period - Eetu Luostarinen wins face-off versus Mark Scheifele in FLORIDA Panthers zone.
12:58 of 3rd period - Shot by Joe Hicketts.
12:58 of 3rd period - Stopped by Jake Allen without a rebound.
12:59 of 3rd period - Mikael Backlund wins face-off versus Ryan Johansen in FLORIDA Panthers zone.
13:25 of 3rd period - Icing by Kiril Kaprizov.
13:26 of 3rd period - Kiril Kaprizov wins face-off versus Sam Gagner in FLORIDA Panthers zone.
14:40 of 3rd period - Off-side.
14:41 of 3rd period - Eetu Luostarinen wins face-off versus Mark Scheifele in neutral zone.
14:46 of 3rd period - Shot by Joel Farabee.
14:46 of 3rd period - Stopped by Jake Allen without a rebound.
14:47 of 3rd period - Mark Scheifele wins face-off versus Joel Farabee in FLORIDA Panthers zone.
15:35 of 3rd period - Minor Penalty to Cody Eakin for Tripping.
15:36 of 3rd period - Sam Gagner wins face-off versus Nikolay Goldobin in FLORIDA Panthers zone.
16:53 of 3rd period - Shot by Joe Hicketts.
16:53 of 3rd period - Stopped by Jake Allen without a rebound.
16:54 of 3rd period - Kiril Kaprizov wins face-off versus Robby Fabbri in FLORIDA Panthers zone.
16:54 of 3rd period - Kiril Kaprizov is hit by Mikhail Grigorenko.
18:13 of 3rd period - Shot by Joel Farabee.
18:13 of 3rd period - Stopped by Jake Allen with a rebound.
19:05 of 3rd period - Ivan Barbashev is hit by Justin Scott and loses puck.
19:11 of 3rd period - Justin Scott is hit by Michael Del Zotto and loses puck.
19:14 of 3rd period - Shot by Cody Eakin.
19:14 of 3rd period - Shot Misses the Net.
19:16 of 3rd period - Shot by Cody Eakin.
19:16 of 3rd period - Goal by Cody Eakin - FLORIDA Panthers : 3 - BUFFALO Sabres : 4.
19:17 of 3rd period - Rickard Rakell wins face-off versus Ryan Johansen in neutral zone.
19:20 of 3rd period - FLORIDA Panthers, Jake Allen is pulled from the net.
19:35 of 3rd period - Icing by Jared Spurgeon .
19:36 of 3rd period - Jake Allen from FLORIDA Panthers was sent back in the game.
19:36 of 3rd period - Ryan Johansen wins face-off versus Rickard Rakell in FLORIDA Panthers zone.
19:41 of 3rd period - Shot by Ryan Johansen.
19:41 of 3rd period - Stopped by Jake Allen without a rebound.
19:41 of 3rd period - Minor Penalty to Jake Allen for Delaying the game.
19:42 of 3rd period - Rickard Rakell wins face-off versus Robby Fabbri in FLORIDA Panthers zone.
19:57 of 3rd period - Shot by Conor Sheary.
19:57 of 3rd period - Shot Misses the Net.
Goals for this period are 2 for FLORIDA Panthers vs 1 for BUFFALO Sabres.
Shots for this period are 8 for FLORIDA Panthers vs 15 for BUFFALO Sabres.